 Dungeon Crawl Stone Soup version 0.29-a0-553-g81b289dbe5 (webtiles) character file.

Game seed: 9028263642111195574

89 DocClef the Covert (level 4, -10/41 HPs)
             Began as a Gnoll Delver on June 6, 2022.
             Mangled by an ice beast (14 damage)
             ... on level 5 of the Dungeon.
             The game lasted 00:00:50 (454 turns).

DocClef the Covert (Gnoll Delver)                    Turns: 454, Time: 00:00:51

Health: -10/41     AC:  7    Str: 14    XL:     4   Next: 55%
Magic:  5/5        EV: 13    Int:  9    God:
Gold:   0          SH:  0    Dex: 13    Spells: 5/5 levels left

rFire   . . .      SeeInvis .   a - +0 short sword
rCold   . . .      Faith    .   (no shield)
rNeg    . . .      Spirit   .   b - +0 leather armour
rPois   .          Reflect  .   (no helmet)
rElec   .          Harm     .   (no cloak)
rCorr   .          Rampage  .   (no gloves)
Will    .....                   (no boots)
Stlth   ++++......              (no amulet)
HPRegen 0.13/turn               j - +4 ring of protection
MPRegen 0.09/turn               (no ring)

@: no status effects
A: fangs 1, strong nose, distributed training
a: no special abilities


You were on level 5 of the Dungeon.
You visited 1 branch of the dungeon, and saw 2 of its levels.

Inventory:

Hand Weapons
 a - a +0 short sword (weapon)
Armour
 b - a +0 leather armour (worn)
Jewellery
 j - a +4 ring of protection (left hand)
Wands
 g - a wand of digging (3)
Scrolls
 c - a scroll of fog
 d - a scroll of magic mapping
 e - a scroll of fear
 h - a scroll of identify {unknown}
 k - a scroll of teleportation {unknown}
Potions
 f - 2 potions of haste
 i - a potion of brilliance {unknown}
 l - a potion of berserk rage {unknown}
 m - a potion of lignification {unknown}


   Skills:
 + Level 6.6 Fighting
 + Level 4.6 Short Blades
 + Level 1.2 Long Blades
 + Level 1.2 Axes
 + Level 1.2 Maces & Flails
 + Level 1.2 Polearms
 + Level 1.2 Staves
 + Level 1.2 Slings
 + Level 1.2 Bows
 + Level 1.2 Crossbows
 + Level 1.2 Throwing
 + Level 1.2 Armour
 + Level 4.6 Dodging
 + Level 9.6 Stealth
 + Level 1.2 Shields
 + Level 1.2 Unarmed Combat
 + Level 1.2 Spellcasting
 + Level 1.0 Conjurations
 + Level 1.0 Hexes
 + Level 1.0 Summonings
 + Level 1.0 Necromancy
 + Level 1.0 Translocations
 + Level 1.0 Transmutations
 + Level 1.0 Fire Magic
 + Level 1.0 Ice Magic
 + Level 1.0 Air Magic
 + Level 1.0 Earth Magic
 + Level 1.0 Poison Magic
 + Level 1.3 Invocations
 + Level 1.2 Evocations


You had 5 spell levels left.
You didn't know any spells.
Your spell library was empty.

Dungeon Overview and Level Annotations

Branches:
Dungeon (5/15)
 Temple: D:4-7

Altars:
Okawaru


Innate Abilities, Weirdness & Mutations

You have very sharp teeth.
Your uncanny sense of smell can sniff out nearby items.
Your experience applies equally to all skills.


Message History

You are too injured to fight recklessly!
You are too injured to fight recklessly!
You are too injured to fight recklessly!
You are too injured to fight recklessly!
You are too injured to fight recklessly!
You are too injured to fight recklessly!
You are too injured to fight recklessly!
You are too injured to fight recklessly!
You are too injured to fight recklessly!
You are too injured to fight recklessly!
You are too injured to fight recklessly!
You are too injured to fight recklessly!
You are too injured to fight recklessly!
You are too injured to fight recklessly!
You are too injured to fight recklessly!
You are too injured to fight recklessly!
You are too injured to fight recklessly!
You hit the ice beast but do no damage.
The ice beast is almost dead.
The ice beast hits you.
* * * LOW HITPOINT WARNING * * *
The ice beast freezes you.
* * * LOW HITPOINT WARNING * * *
You hit the ice beast.
The ice beast is almost dead.
The ice beast hits you but does no damage.
You completely miss the ice beast.
The ice beast is almost dead.
The ice beast hits you but does no damage.
You hit the ice beast but do no damage.
The ice beast is almost dead.
You closely miss the ice beast.
The ice beast is almost dead.
The ice beast closely misses you.
You hit the ice beast but do no damage.
The ice beast is almost dead.
The ice beast hits you.
* * * LOW HITPOINT WARNING * * *
The ice beast freezes you!
You die...

#.# #.#.##.## #.#
##.#∆# #.# #.. ∆
#.# ##.##. #.#
#..... #†####..#
#.......#
#...##..# #
#.#.##.@#####.
#...#.....Y......
##.#####.........#
#..........#######
##...#...##..#
#...###...#..#
.............#
..#.).).#....#
#.._..##...#


You could see an ice beast.

Vanquished Creatures
  3 hounds
  A kobold (D:4)
4 creatures vanquished.

Notes
Turn   | Place    | Note
-------+----------+-------------------------------------------
     0 | D:5      | Reached skill level 9 in Stealth
     0 | D:5      | DocClef the Gnoll Delver began the quest for the Orb.
     0 | D:5      | Reached XP level 1. HP: 23/23 MP: 1/1
    28 | D:5      | Noticed a hound
    35 | D:5      | Killed a hound
    36 | D:5      | Reached XP level 2. HP: 29/29 MP: 2/2
    36 | D:5      | Reached XP level 3. HP: 35/35 MP: 3/3
    43 | D:5      | Found an iron altar of Okawaru.
    57 | D:5      | Reached skill level 1 in Long Blades
    57 | D:5      | Reached skill level 1 in Axes
    57 | D:5      | Reached skill level 1 in Maces & Flails
    57 | D:5      | Reached skill level 1 in Polearms
    57 | D:5      | Reached skill level 1 in Staves
    57 | D:5      | Reached skill level 1 in Slings
    57 | D:5      | Reached skill level 1 in Bows
    57 | D:5      | Reached skill level 1 in Crossbows
    57 | D:5      | Reached skill level 1 in Throwing
    57 | D:5      | Reached skill level 1 in Armour
    57 | D:5      | Reached skill level 1 in Shields
    57 | D:5      | Reached skill level 1 in Unarmed Combat
    57 | D:5      | Reached skill level 1 in Spellcasting
    57 | D:5      | Reached skill level 1 in Invocations
    57 | D:5      | Reached skill level 1 in Evocations
    57 | D:5      | Reached XP level 4. HP: 29/41 MP: 3/5
    58 | D:5      | Noticed an ice beast
   180 | D:4      | Reached skill level 1 in Conjurations
   180 | D:4      | Reached skill level 1 in Hexes
   180 | D:4      | Reached skill level 1 in Summonings
   180 | D:4      | Reached skill level 1 in Necromancy
   180 | D:4      | Reached skill level 1 in Translocations
   180 | D:4      | Reached skill level 1 in Transmutations
   180 | D:4      | Reached skill level 1 in Fire Magic
   180 | D:4      | Reached skill level 1 in Ice Magic
   180 | D:4      | Reached skill level 1 in Air Magic
   180 | D:4      | Reached skill level 1 in Earth Magic
   180 | D:4      | Reached skill level 1 in Poison Magic
   454 | D:5      | Mangled by an ice beast

Illustrated notes

Levels and vault maps discovered:
D:4:      layout_cave_pools, general_overflow_altar, kennysheep_orc_chapel
D:5:      layout_loops_ring, okawaru_ov_weapons_minmay, minmay_between

Skill      XL: |  1  2  3  4 |
---------------+-------------+-----
Stealth        | |  9.6
Long Blades    | 1 |  1.2
Axes           | 1 |  1.2
Maces & Flails | 1 |  1.2
Polearms       | 1 |  1.2
Staves         | 1 |  1.2
Slings         | 1 |  1.2
Bows           | 1 |  1.2
Crossbows      | 1 |  1.2
Throwing       | 1 |  1.2
Armour         | 1 |  1.2
Shields        | 1 |  1.2
Unarmed Combat | 1 |  1.2
Spellcasting   | 1 |  1.2
Invocations    | 1 |  1.3
Evocations     | 1 |  1.2
Conjurations   | 1 |  1.0
Hexes          | 1 |  1.0
Summonings     | 1 |  1.0
Necromancy     | 1 |  1.0
Translocations | 1 |  1.0
Transmutations | 1 |  1.0
Fire Magic     | 1 |  1.0
Ice Magic      | 1 |  1.0
Air Magic      | 1 |  1.0
Earth Magic    | 1 |  1.0
Poison Magic   | 1 |  1.0
Fighting       | |  6.6
Short Blades   | |  4.6
Dodging        | |  4.6

Action                   |  1- 3 |  4- 6 || total
-------------------------+-------+-------++-------
Melee: Short sword       |    12 |    53 ||    65
       Bite              |     2 |     3 ||     5
       Punch             |       |     2 ||     2
 Stab: Sleeping          |     1 |       ||     1
Armor: Leather armour    |     2 |    19 ||    21
Dodge: Dodged            |     7 |    45 ||    52

Table legend: (Time is in decaauts)
 A = Elapsed time spent in this place.
 B = Non-inter-level travel time spent in this place.
 C = Inter-level travel time spent in this place.
 D = Time resting spent in this place.
 E = Time spent auto-exploring this place.
 F = Levels seen in this place.
 G = Mean time per level.
                   A        B        C        D        E       F      G
               +--------+--------+--------+--------+--------+-----+--------+
         Total |    445 |    445 |      0 |    254 |     31 |   2 |  222.5 |
       Dungeon |    445 |    445 |      0 |    254 |     31 |   2 |  222.5 |
               +--------+--------+--------+--------+--------+-----+--------+

Top non-repeatable levels by time:
     D:4: 359 daAuts
     D:5: 85 daAuts
